 Seeded DCSS version 0.29.1-12-g30fa7ad0bf (webtiles) character file.

Game seed: 16245865983455551772 (custom seed)

24 hikkokomori the Conjurer (level 3, 21/21 HPs)
             Began as an Octopode Conjurer on Jan 17, 2023.
             Got out of the dungeon alive.
             The game lasted 00:01:25 (1677 turns).

hikkokomori the Conjurer (Octopode Conjurer)        Turns: 1677, Time: 00:01:25

Health: 21/21      AC:  1    Str:  6    XL:     3   Next: 2%
Magic:  6/6        EV: 13    Int: 22    God:
Gold:   1000       SH:  0    Dex: 10    Spells: 5/6 levels left

rFire   . . .      SeeInvis .   (no weapon)
rCold   . . .      Faith    .   (no shield)
rNeg    . . .      Spirit   .   (helmet restricted)
rPois   .          Reflect  .   (no amulet)
rElec   .          Harm     .   (no ring)
rCorr   .          Rampage  .   (no ring)
Will    .....                   (no ring)
Stlth   +++.......              (no ring)
HPRegen 0.07/turn               (no ring)
MPRegen 0.10/turn               (no ring)
                                (no ring)
                                (no ring)

@: no status effects
A: almost no armour, amphibious, 8 rings, camouflage 1, gelatinous body 1,
(nimble swimmer 1), tentacles
a: no special abilities


You escaped.
You visited 1 branch of the dungeon, and saw 1 of its levels.

You collected 1000 gold pieces.

Inventory:

Jewellery
 a - the ring "Riot" {rC+ Will+}
   (You acquired it on level 1 of the Dungeon)

   [ring of willpower]

   rC:        It protects you from cold.
   Will:      It increases your willpower.
 e - a +6 ring of intelligence
 f - a +6 ring of intelligence
Scrolls
 d - a scroll of teleportation {unknown}
Potions
 b - 2 potions of flight {unknown}
 c - a potion of might {unknown}


   Skills:
 + Level 2.4 Dodging
 + Level 3.3 Stealth
 + Level 2.3 Spellcasting
 + Level 4.2 Conjurations


You had 5 spell levels left.
You knew the following spells:

 Your Spells              Type           Power      Damage    Failure   Level
a - Magic Dart            Conj           84%        1d7       2%          1

Your spell library contained the following spells:

 Spells                   Type           Power      Damage    Failure   Level
 Searing Ray              Conj           42%        2d6       3%          2
 Dazzling Flash           Conj/Hex       22%        N/A       17%         3
 Fulminant Prism          Conj/Hex       5%         3d7       50%         4
 Iskenderun's Mystic Bla  Conj/Tloc      11%        2d4       50%         4
 Iskenderun's Battlesphe  Conj           21%        2d7       54%         5
 Fireball                 Conj/Fire      5%         3d5       83%         5
 Conjure Ball Lightning   Conj/Air       5%         3x3d6     100%        6
 Orb of Destruction       Conj           10%        9d6       100%        7


Dungeon Overview and Level Annotations

Branches:
Dungeon (1/15)

Altars:


Innate Abilities, Weirdness & Mutations

You cannot wear most types of armour.
You are amphibious.
You can wear up to eight rings at the same time.
Your skin changes colour to match your surroundings (Stealth+).
Your rubbery body absorbs attacks. (AC +1, EV +1)
((You are camouflaged when in or above water. (Stealth+)))
You have tentacles for arms and can constrict up to eight enemies at once.


Message History

A kobold is nearby!
The magic dart hits the kobold.
You kill the kobold!
Key pressed, stopping explore.
You can't see any susceptible monsters within range! (Use Z to cast anyway.)
A hobgoblin comes into view.
The magic dart hits the hobgoblin.
You kill the hobgoblin!
You have reached level 3!
Your experience leads to an increase in your attributes!
Increase (S)trength, (I)ntelligence, or (D)exterity?
You feel clever. x2
This is a scroll of acquirement!
Something appears before you! Something appears before you!
You see here a book of the Spheres.
Something appears before you!
There are no items here.
There are no items here.
There are no items here.
You pick up a book of the Spheres and begin reading...
You add the spells Iskenderun's Battlesphere, Fireball, Conjure Ball Lightning and Orb of Destruction to your library.
You now have 1000 gold pieces (gained 960).
a - the ring "Riot" {rC+ Will+}
There are no items here.
There are no items here.
Save game and exit?
Welcome back, hikkokomori the Octopode Conjurer.
Game seed: 16245865983455551772 (custom seed) Press ? for a list of commands and other information.
Magic restored.
There is an open door here.
There is an open door here.
There is an open door here.
You open the door.
There is an open door here.
You see here a +0 sling.
There is a staircase leading out of the dungeon here.
You can't go down here!
Are you sure you want to leave the Dungeon?
This will make you lose the game!
You have escaped!

#.##.###..##.........###....
#.##..################ #####
#.###..# #......# #####
##### ##### # #####..# #...#
#...# #...# # #.## #.♣.#
#...# #.>.# # #.##
#...###...###...### #..#
#.................. #.##
#.@................ #.#
#...).............. #.#
#...###...###...### #.#
#.♣.# #...# #.>.# # #.#
#...# #...# #...# # #.##
##### ##### ##### # #..#
#### ### #.#


There were no monsters in sight!

Vanquished Creatures
  2 ball pythons (D:1)
  A bat (D:1)
  4 endoplasms (D:1)
  2 goblins (D:1)
  3 hobgoblins (D:1)
  2 kobolds (D:1)
  3 quokkas (D:1)
  A frilled lizard (D:1)
  A rat (D:1)
19 creatures vanquished.

Notes
Turn   | Place    | Note
-------+----------+-------------------------------------------
     0 | D:1      | hikkokomori the Octopode Conjurer began the quest for the
                  | Orb.
     0 | D:1      | Reached XP level 1. HP: 11/11 MP: 3/3
   473 | D:1      | Found a faded altar of an unknown god.
   495 | D:1      | Reached XP level 2. HP: 17/17 MP: 1/5
  1500 | D:1      | Reached XP level 3. HP: 21/21 MP: 4/6
  1500 | D:1      | Identified 3 scrolls of acquirement
  1500 | D:1      | Acquired the ring "Riot" {rC+ Will+}
  1501 | D:1      | Acquired 960 gold pieces
  1502 | D:1      | Acquired a book of the Spheres
  1677 | D:$      | Got out of the dungeon alive.

Illustrated notes

Levels and vault maps discovered:
D:1:      minmay_arrival_hallway, layout_loops_corners, basic_ecumenical_altar,
          minmay_unequal

Skill      XL: |  1 |
---------------+----+-----
Stealth        | 3 |  3.3
Dodging        | |  2.4
Spellcasting   | |  2.3
Conjurations   | |  4.2

Action                   || total
-------------------------++-------
Melee: Unarmed           ||     8
       Tentacles         ||     3
       Constrict         ||     2
       Punch             ||     1
 Cast: Magic Dart        ||    44
  Use: Potion            ||     1
       Scroll            ||     3
Armor: Skin              ||     1
Dodge: Dodged            ||     9
